 Dungeon Crawl Stone Soup version 0.24-a0-278-gefa1973 (webtiles) character file.

Game seed: 7045561325943054797

1533 mhoghedin the Summoner (level 8, -6/41 HPs)
             Began as a Tengu Summoner on Apr 30, 2019.
             Mangled by an iguana (15 damage)
             ... on level 7 of the Dungeon.
             The game lasted 00:25:46 (8670 turns).

mhoghedin the Summoner (Tengu Summoner)             Turns: 8670, Time: 00:25:47

Health: -6/41      AC:  2    Str:  9    XL:     8   Next: 85%
Magic:  15/15      EV: 13    Int: 21    God:
Gold:   71         SH:  0    Dex: 20    Spells: 2/15 levels left

rFire    . . .     SeeInvis .   w - +0 trident
rCold    . . .     Gourm    .   (no shield)
rNeg     . . .     Faith    .   b - +0 robe "Elepeop" {MR+ Int+3}
rPois    .         Spirit   .   (helmet restricted)
rElec    .         Reflect  .   (no cloak)
rCorr    .         Harm     .   (no gloves)
MR       +....                  (boots unavailable)
Stlth    ++........             h - amulet of rage {+Rage, !d}
HPRegen  0.13/turn              o - +6 ring of dexterity
MPRegen  0.14/turn              (no ring)

@: no status effects
A: beak, talons 3, able to fly
a: Fly, Evoke Berserk Rage


You were on level 7 of the Dungeon.
You were very hungry.

You visited 1 branch of the dungeon, and saw 7 of its levels.

You collected 325 gold pieces.
You spent 254 gold pieces at shops.

Inventory:

Hand Weapons
 w - a +0 trident (weapon)
   (You found it on level 6 of the Dungeon)
Armour
 b - the +0 robe "Elepeop" (worn) {MR+ Int+3}
   (You bought it in a shop on level 4 of the Dungeon)

   It affects your intelligence (+3).
   It affects your resistance to hostile enchantments.
Jewellery
 f - an uncursed amulet of faith {Faith, !P}
   (You found it on level 1 of the Dungeon)
 h - an amulet of rage (around neck) {+Rage, !d}
   (You found it on level 3 of the Dungeon)
 o - a +6 ring of dexterity (left hand)
   (You found it on level 7 of the Dungeon)
Wands
 j - a wand of digging (3)
   (You found it on level 3 of the Dungeon)
Scrolls
 d - a scroll of torment {unknown}
 e - 3 scrolls of amnesia
 l - a scroll of blinking {!r}
 p - 3 scrolls of remove curse
 q - a scroll of noise {unknown}
 r - a scroll of enchant armour {unknown}
 s - a scroll of magic mapping {!r}
 u - a scroll of identify
Potions
 a - a potion of resistance
 i - 3 potions of curing
 m - a potion of brilliance {unknown}
 n - a potion of cancellation
 t - a potion of invisibility {unknown}
 v - a potion of magic {unknown}
Comestibles
 c - 12 rations


   Skills:
 + Level 0.1 Fighting
 + Level 0.1 Polearms
 + Level 2.2 Dodging
 - Level 2.0 Stealth
 - Level 4.0 Spellcasting
 - Level 9.5 Summonings
 - Level 4.0 Ice Magic
 - Level 7.0 Air Magic


You had 2 spell levels left.
You knew the following spells:

 Your Spells              Type           Power        Failure   Level  Hunger
a - Summon Lightning Spi  Summ/Air       #####...     3%          4    ####...
b - Call Canine Familiar  Summ           #####...     1%          3    ###....
c - Call Imp              Summ           #####...     1%          2    #......
d - Summon Ice Beast      Ice/Summ       ####....     8%          4    ####...

Your spell library contained the following spells:

 Spells                   Type           Power        Failure   Level  Hunger
 Summon Small Mammal      Summ           ####         1%          1    None
 Summon Guardian Golem    Hex/Summ       ###.....     4%          3    ###....


Dungeon Overview and Level Annotations

Branches:
Dungeon (7/15)
 Temple: D:4-7

Altars:
Ashenzari
Cheibriados
Elyvilon
Kikubaaqudgha
Xom
Yredelemnul
The Shining One

Shops:
D:4 [   D:5 }   D:6 (

Annotations:
D:7 3 runed translucent doors, Hasart's ghost, novice KoGl


Innate Abilities, Weirdness & Mutations

You have a beak for a mouth.
You have claws for feet.
You can fly continuously.


Message History

You climb upwards.
There is a stone staircase leading down here.
You see here a +0 club.
You are feeling hungry.
You see here a trident.
You regained 5 hp, and now have 38/41 hp.
MP restored: 15
w - a trident
w - a +0 trident (weapon)
You drop a +1 club.
Unknown command.
Done exploring.
Done exploring.
Search for what [Enter for "polearm", or ? for help]? artefact You see here a +0 club.
There is a stone staircase leading up here.
You climb upwards.
There is a stone staircase leading down here.
There is a stone staircase leading up here.
You climb upwards.
There is a stone staircase leading down here.
There is an open door here.
You open the door.
There is an open door here.
There is an entrance to Figgorchi's Armour Shoppe here.
Health restored: 41
b - the +0 robe "Elepeop" {MR+ Int+3} Thank you for shopping at Figgorchi's Armour Shoppe!
You start removing your armour.
You continue taking off your +3 leather armour. x4
You finish taking off your +3 leather armour.
You start putting on your armour.
You continue putting on the +0 robe "Elepeop" {MR+ Int+3}. x5
You finish putting on the +0 robe "Elepeop" {MR+ Int+3}.
You drop a +2 robe of cold resistance.
You drop a +3 leather armour.
Okay, then.
Unknown command.
(D) Dungeon
Where to? (Enter - D:4 @ (x,y), ? - help)
There is an open door here.
There is an open door here.
There is a stone staircase leading down here.
You climb downwards.
There is a stone staircase leading up here.
Done exploring.
Done exploring.
Done exploring.
Done exploring.
(D) Dungeon
Where to? (Enter - D:5, ? - help)
There is a stone staircase leading down here.
You climb downwards.
There is a stone staircase leading up here.
Done exploring.
(D) Dungeon
Where to? (Enter - D:6, ? - help)
There is a stone staircase leading down here.
You climb downwards.
Level annotation: 3 runed translucent doors, Hasart's ghost, novice KoGl
There is a stone staircase leading up here.
Things that are here:
a +0 leather armour; 4 tomahawks A howler monkey skeleton comes into view.
A howler monkey skeleton is nearby!
A howler monkey skeleton is nearby!
An iguana comes into view.
Attack whom?
Aim: a howler monkey skeleton (hasn't noticed you)
You reach to attack!
You catch the helpless howler monkey skeleton completely off-guard!
You puncture the howler monkey skeleton!
You hit the howler monkey skeleton.
The howler monkey skeleton barely misses you.
You hit the howler monkey skeleton but do no damage.
The howler monkey skeleton closely misses you.
The howler monkey skeleton barely misses you.
You hit the howler monkey skeleton. You claw the howler monkey skeleton.
You peck the howler monkey skeleton. The iguana closely misses you.
The howler monkey skeleton barely misses you.
You hit the howler monkey skeleton.
You destroy the howler monkey skeleton!
The iguana closely misses you.
You hit the iguana but do no damage. You claw the iguana.
The iguana bites you but does no damage.
The iguana bites you.
You take 6 damage, and have 35/41 hp.
You hit the iguana. You peck the iguana, but do no damage.
The iguana bites you!
You take 13 damage, and have 22/41 hp.
MASSIVE DAMAGE!!
You are feeling very hungry.
The iguana barely misses you.
You completely miss the iguana. You claw the iguana. You peck the iguana.
The iguana barely misses you.
You hit the iguana. You claw the iguana. The iguana bites you!
* * * LOW HITPOINT WARNING * * *
The iguana hisses menacingly.
The iguana bites you!
You die...

# #..##...# ##.#...##
#.#..##...###.......#
#.#.........[..#....#
#................#.##
#..................#
###..............#####
.................#
.......l.........#
.......@...##....#
.$.........##....#
........!.## ..#..
.........## #
....#..^.# ###.#.####
. .. . ###


You could see an iguana.

Vanquished Creatures
  A centaur (D:6)
  2 elf zombies (D:6)
  A centaur skeleton (D:5)
  2 orc priests (D:5)
  2 human skeletons (D:6)
  A hound skeleton (D:6)
  A worker ant zombie (D:5)
  A howler monkey skeleton (D:7)
  2 adders (D:5)
  A shadow imp (D:7)
  An ooze (D:2)
  3 leopard geckos
  2 orcs
  A ball python (D:2)
  7 bats
  4 giant cockroaches
  2 goblins (D:1)
  3 hobgoblins
  2 kobolds
  6 frilled lizards
  An orc skeleton (D:6)
  A rat (D:2)
47 creatures vanquished.

Vanquished Creatures (collateral kills)
  Sigmund (D:3)
  Eustachio (D:4)
  Duvessa (D:5)
  An orc warrior (D:6)
  An ice beast (D:7)
  A phantom (D:3)
  An ogre (D:4)
  A centaur (D:5)
  An elf zombie (D:6)
  2 bullfrogs
  An elf skeleton (D:6)
  A scorpion (D:5)
  Dowan (D:5)
  A howler monkey (D:6)
  7 crimson imps
  A quasit (D:5)
  2 human zombies (D:6)
  A jelly (D:6)
  3 hounds
  2 orc priests
  An iguana (D:6)
  A human skeleton (D:6)
  3 worker ants
  5 orc wizards
  3 adders
  A shadow imp (D:6)
  An ooze (D:6)
  An adder skeleton (D:5)
  A worm (D:2)
  A dart slug (D:1)
  4 leopard geckos
  14 orcs
  A bat (D:2)
  A bat zombie (D:5)
  2 giant cockroaches (D:4)
  2 goblins
  3 hobgoblins
  3 kobolds
  5 quokkas
  A ball python (D:3)
  A frilled lizard (D:5)
  An orc skeleton (D:6)
  2 rats (D:2)
  A rat zombie (D:5)
90 creatures vanquished.

Grand Total: 137 creatures vanquished

Notes
Turn   | Place    | Note
-------+----------+-------------------------------------------
     0 | D:1      | mhoghedin the Tengu Summoner began the quest for the Orb.
     0 | D:1      | Reached XP level 1. HP: 10/10 MP: 4/4
   169 | D:1      | Reached skill level 5 in Summonings
   358 | D:1      | Reached XP level 2. HP: 8/15 MP: 3/6
   713 | D:1      | Learned a level 2 spell: Call Imp
  1386 | D:2      | HP: 3/15 [bat (1)]
  1388 | D:2      | HP: 1/15 [bat (1)]
  1680 | D:2      | Reached XP level 3. HP: 17/19 MP: 7/7
  1745 | D:2      | Learned a level 3 spell: Call Canine Familiar
  1801 | D:2      | Found a shimmering altar of Xom.
  2331 | D:2      | Found a white marble altar of Elyvilon.
  2386 | D:2      | Found a basalt altar of Yredelemnul.
  2685 | D:3      | Reached skill level 3 in Spellcasting
  2785 | D:3      | Noticed Sigmund
  2804 | D:3      | Killed Sigmund
  2804 | D:3      | Reached skill level 6 in Summonings
  2804 | D:3      | Reached XP level 4. HP: 11/24 MP: 2/10
  2804 | D:3      | Gained mutation: You can fly continuously. [Tengu growth]
  2804 | D:3      | Reached XP level 5. HP: 13/28 MP: 2/11
  3094 | D:3      | Noticed a phantom
  3121 | D:3      | HP: 5/28 [quokka (3)]
  3136 | D:3      | Killed a phantom
  3136 | D:3      | Reached skill level 4 in Spellcasting
  3698 | D:3      | Learned a level 4 spell: Summon Lightning Spire
  3765 | D:4      | Reached XP level 6. HP: 24/32 MP: 7/13
  3769 | D:4      | Reached skill level 1 in Air Magic
  3769 | D:4      | Reached skill level 7 in Summonings
  3954 | D:4      | Found Figgorchi's Armour Shoppe.
  4306 | D:4      | Reached skill level 2 in Air Magic
  5161 | D:4      | Noticed Eustachio
  5178 | D:4      | HP: 5/32 [ufetubus[Eustachio] (4)]
  5184 | D:4      | Killed Eustachio
  5184 | D:4      | Reached skill level 3 in Air Magic
  5493 | D:4      | Learned a level 4 spell: Summon Ice Beast
  5512 | D:5      | Entered Level 5 of the Dungeon
  5523 | D:5      | Reached XP level 7. HP: 23/36 MP: 14/14
  5723 | D:5      | Found Erphaq's Gadget Shop.
  5757 | D:5      | Reached skill level 1 in Ice Magic
  5757 | D:5      | Reached skill level 4 in Air Magic
  6006 | D:5      | Found a snail-covered altar of Cheibriados.
  6032 | D:5      | Noticed Dowan
  6037 | D:5      | Noticed Duvessa
  6043 | D:5      | Killed Dowan
  6043 | D:5      | Reached skill level 8 in Summonings
  6051 | D:5      | Killed Duvessa
  6247 | D:5      | Reached skill level 2 in Ice Magic
  6561 | D:5      | Found a shimmering altar of Xom.
  6569 | D:5      | Reached skill level 5 in Air Magic
  6595 | D:5      | Found an ancient bone altar of Kikubaaqudgha.
  6782 | D:6      | Found Fymnev's Antique Weapon Emporium.
  6797 | D:6      | Reached XP level 8. HP: 19/41 MP: 1/15
  6915 | D:6      | Found a shattered altar of Ashenzari.
  7182 | D:6      | Found a glowing golden altar of the Shining One.
  7392 | D:6      | Reached skill level 3 in Ice Magic
  7571 | D:6      | Reached skill level 6 in Air Magic
  7654 | D:6      | Reached skill level 9 in Summonings
  8423 | D:7      | Found a runed translucent gate.
  8424 | D:7      | Found a runed translucent gate.
  8425 | D:7      | Found a runed translucent gate.
  8425 | D:7      | Noticed Hasart's ghost (novice KoGl)
  8452 | D:7      | Reached skill level 7 in Air Magic
  8455 | D:7      | Reached skill level 4 in Ice Magic
  8578 | D:4      | Bought the +0 robe "Elepeop" {MR+ Int+3} for 254 gold
                  | pieces
  8670 | D:7      | HP: 9/41 [iguana (13)]
  8670 | D:7      | Mangled by an iguana

Levels and vault maps discovered:
D:1:      dpeg_arrival_tiny_i, layout_basic
D:2:      layout_basic, lemuel_crystal_altar, kennysheep_ying_yang,
          roderic_roman_lattice
D:3:      layout_basic, kennysheep_generic_room_13, uniq_sigmund
D:4:      layout_loops_corners, serial_shops, nicolae_shop_statue_plus,
          serial_bayou_pond_b, uniq_eustachio
D:5:      layout_gridville, cheibriados_altar_1,
          lemuel_zombie_altar_kikubaaqudgha, serial_shops,
          kennysheep_little_box, first_ration, led_xom_imps, uniq_duvessa
D:6:      layout_loops_ring, nicolae_tso_carved_into_rock,
          nicolae_ashenzari_panopticon, nicolae_ossuary_entry_catacombs,
          serial_shops, shop_statue
D:7:      layout_rooms, temple_hall, biasface_ghost_orc_armoury, uniq_menkaure,
          uniq_joseph

Skill      XL: |  1  2  3  4  5  6  7  8 |
---------------+-------------------------+-----
Summonings     | 5 6 7 8 9 |  9.5
Spellcasting   | 3 4 |  4.0
Air Magic      | 3 5 7 |  7.0
Ice Magic      | 2 4 |  4.0
Fighting       | |  0.1
Polearms       | |  0.1
Dodging        | |  2.2
Stealth        | |  2.0

Action                   |  1- 3 |  4- 6 |  7- 9 || total
-------------------------+-------+-------+-------++-------
Melee: Club              |    87 |    57 |   116 ||   260
       Unarmed           |     6 |       |       ||     6
       Kick              |    16 |    12 |    40 ||    68
       Peck              |    12 |     6 |    20 ||    38
       Trident           |       |       |     9 ||     9
 Cast: Summon Small Mamm |    26 |       |       ||    26
       Call Imp          |     7 |    13 |     9 ||    29
       Call Canine Famil |     6 |    12 |     5 ||    23
       Summon Lightning  |       |     1 |    32 ||    33
 Abil: Evoke Berserk Rag |       |       |     1 ||     1
Evoke: Wand              |       |       |     4 ||     4
  Use: Scroll            |     5 |     6 |     3 ||    14
       Potion            |     2 |       |     1 ||     3
 Stab: Distracted        |     1 |       |     3 ||     4
       Sleeping          |       |       |     1 ||     1
  Eat: Ration            |     1 |     1 |     2 ||     4
       Chunk             |     3 |     8 |    11 ||    22
Armor: Robe              |    37 |     7 |     4 ||    48
       Skin              |     4 |       |       ||     4
       Leather armour    |       |       |    48 ||    48
Dodge: Dodged            |    88 |    58 |   100 ||   246

Table legend:
 A = Non-vault XP
 B = Vault XP
 C = Vault XP percentage of total XP
 D = Non-vault monster count
 E = Vault monster count
 F = Vault count percentage of total count
                 A         B        C        D         E       F
            +---------+---------+-------+---------+---------+-------
      Total |    1406 |     784 |  35.8 |     114 |      22 |  16.2
            +---------+---------+-------+---------+---------+-------
        D:1 |      27 |       0 |   0.0 |      14 |       0 |   0.0
        D:2 |      34 |       0 |   0.0 |      18 |       0 |   0.0
        D:3 |     121 |     114 |  48.5 |      17 |       1 |   5.6
        D:4 |     204 |     105 |  34.0 |      17 |       2 |  10.5
        D:5 |     320 |     206 |  39.2 |      16 |       8 |  33.3
        D:6 |     565 |     359 |  38.9 |      27 |      11 |  28.9
        D:7 |     135 |       0 |   0.0 |       5 |       0 |   0.0
            +---------+---------+-------+---------+---------+-------

Levels and vault maps discovered:
D:1:      dpeg_arrival_tiny_i, layout_basic
D:2:      layout_basic, lemuel_crystal_altar, kennysheep_ying_yang,
          roderic_roman_lattice
D:3:      layout_basic, kennysheep_generic_room_13, uniq_sigmund
D:4:      layout_loops_corners, serial_shops, nicolae_shop_statue_plus,
          serial_bayou_pond_b, uniq_eustachio
D:5:      layout_gridville, cheibriados_altar_1,
          lemuel_zombie_altar_kikubaaqudgha, serial_shops,
          kennysheep_little_box, first_ration, led_xom_imps, uniq_duvessa
D:6:      layout_loops_ring, nicolae_tso_carved_into_rock,
          nicolae_ashenzari_panopticon, nicolae_ossuary_entry_catacombs,
          serial_shops, shop_statue
D:7:      layout_rooms, temple_hall, biasface_ghost_orc_armoury, uniq_menkaure,
          uniq_joseph

Table legend:
 A = Turns spent in this place as a percentage of turns spent in the entire game.
 B = Non-inter-level travel turns spent in this place as a percentage of non-inter-level travel turns spent in the entire game.
 C = Inter-level travel turns spent in this place as a percentage of turns spent in this place.
 D = Turns resting spent in this place as a percentage of non-inter-level travel turns spent in this place.
 E = Turns spent auto-exploring this place as a percentage of non-inter-level travel turns spent in this place.
 F = Non-inter-level travel turns spent in this place divided by the number of levels of this place that you've seen.
                   A       B       C       D       E      F
               +-------+-------+-------+-------+-------+----------------------
         Total | 100.0 | 100.0 |   4.5 |  43.1 |  39.6 | 1182.9
       Dungeon | 100.0 | 100.0 |   4.5 |  43.1 |  39.6 | 1182.9
               +-------+-------+-------+-------+-------+----------------------

Table legend:
 A = Kills in this place as a percentage of kills in entire the game.
 B = Kills by you in this place as a percentage of kills by you in the entire game.
 C = Kills by friends in this place as a percentage of kills by friends in the entire game.
 D = Other kills in this place as a percentage of other kills in the entire game.
 E = Experience gained in this place as a percentage of experience gained in the entire game.
 F = Experience gained in this place divided by the number of levels of this place that you have seen.
                   A       B       C       D       E      F
               +-------+-------+-------+-------+-------+----------------------
         Total | 100.0 | 100.0 | 100.0 |   N/A | 100.0 | 312.9
       Dungeon | 100.0 | 100.0 | 100.0 |   N/A | 100.0 | 312.9
               +-------+-------+-------+-------+-------+----------------------
